 Dungeon Crawl Stone Soup version 0.21-a0-29-g43b3074 (webtiles) character file.

47 yahden the Skirmisher (level 3, -2/34 HPs)
             Began as a Gnoll Wanderer on May 26, 2017.
             Slain by an orc priest
             ... wielding a +1 short sword of electrocution
              (15 damage)
             ... on level 3 of the Dungeon.
             The game lasted 00:05:13 (567 turns).

yahden the Skirmisher (Gnoll Wanderer)               Turns: 567, Time: 00:05:13

Health: -2/34      AC: 10    Str: 13    XL:     3   Next: 70%
Magic:  4/4        EV:  3    Int: 11    God:
Gold:   43         SH:  4    Dex: 13    Spells: 2/2 levels left

rFire    . . .     SeeInvis .   m - +0 falchion (curse)
rCold    . . .     Gourm    .   c - +0 buckler
rNeg     . . .     Faith    .   h - +0 plate armour
rPois    .         Spirit   .   (no helmet)
rElec    .         Reflect  .   (no cloak)
rCorr    .         Harm     .   (no gloves)
MR       .....                  (no boots)
Stlth    ..........             (no amulet)
Regen    0.2/turn               (no ring)
MPRegen  0.1/turn               (no ring)

@: no status effects
A: short attention span, fangs 1, strong nose
a: no special abilities


You were on level 3 of the Dungeon.
You were not hungry.

You visited 1 branch of the dungeon, and saw 3 of its levels.

You collected 43 gold pieces.

Inventory:

Hand Weapons
 a - a +2 spear
 b - a +0 quarterstaff
 e - a +0 hunting sling
 i - a +0 spear
 m - a cursed +0 falchion (weapon)
Missiles
 g - 13 stones (quivered)
Armour
 c - a +0 buckler (worn)
 d - a +0 robe
 h - a +0 plate armour (worn)
Potions
 l - a potion of curing {unknown}
Comestibles
 f - 3 bread rations


   Skills:
 * Level 6.2 Fighting
 * Level 1.7 Long Blades
 * Level 4.1 Polearms
 + Level 1.2 Armour
 + Level 3.5 Dodging
 + Level 2.2 Shields
   Level 1.7 Evocations


You had 2 spell levels left.
You didn't know any spells.

Dungeon Overview and Level Annotations

Branches:
Dungeon (3/15)

Altars:


Innate Abilities, Weirdness & Mutations

You have a short attention span.
You have very sharp teeth.
Your uncanny sense of smell can sniff out nearby items.


Message History

A puff of frost appears from out of thin air!
The puff of frost hits you!
The orc priest looks satisfied for a moment.
You miss something. Something hits you.
Your plate armour prevents you from hitting the orc priest.
You bite the orc priest, but do no damage.
Something hits you but does no damage.
The orc priest hits you but does no damage.
You hit the orc priest but do no damage.
You hear some strange, mumbled words.
A magic dart appears from out of thin air!
The magic dart hits you! Something hits you but does no damage.
The orc priest hits you but does no damage.
You closely miss the orc priest. Something hits you but does no damage.
The orc priest hits you but does no damage.
You are electrocuted!
Something hits you but does no damage.
You closely miss the orc priest. Something hits you but does no damage.
The orc priest hits you but does no damage.
You are electrocuted!
You die...

... ... ... ..# #[#
#.### ### #/# #<.. ....
#.# #..# ..... #.# #..#
###.oS#)###########..###
.....oo@................
###..##############..###
# #..### #....# #.##.#
#.# .# #.# # ####.#
#....#


You could see 2 orc priests, an adder and an orc.

Vanquished Creatures
  Jessica (D:3)
  An adder (D:2)
  A dart slug (D:3)
  A leopard gecko (D:2)
  An orc (D:3)
  A goblin (D:2)
  A quokka (D:2)
  A bat (D:3)
  2 frilled lizards (D:2)
  A rat (D:2)
11 creatures vanquished.

Notes
Turn   | Place    | Note
-------+----------+-------------------------------------------
     0 | D:1      | yahden the Gnoll Wanderer began the quest for the Orb.
     0 | D:1      | yahden set off with: a +2 spear, a +0 quarterstaff, a +0 buckler, a +0 robe, a bread ration
     0 | D:1      | Reached XP level 1. HP: 20/20 MP: 2/2
    71 | D:2      | Reached skill level 5 in Fighting
    97 | D:2      | Reached XP level 2. HP: 18/27 MP: 3/3
   482 | D:3      | Noticed Jessica
   490 | D:3      | Killed Jessica
   490 | D:3      | Reached skill level 6 in Fighting
   490 | D:3      | Reached skill level 1 in Armour
   490 | D:3      | Reached XP level 3. HP: 34/34 MP: 4/4
   567 | D:3      | Slain by an orc priest

Vault maps used:
D:1:      matt_arrival_los_fun
D:2:      lemuel_doored_altar
D:3:      portal_sewer_entry_a, first_bread,
          nicolae_gozag_cash_rules_everything_around_me, uniq_jessica

Skill      XL: |  1  2 |
---------------+-------+-----
Fighting       | 5 6 |  6.2
Shields        | 2 |  2.2
Polearms       | 4 |  4.1
Armour         | 1 |  1.2
Long Blades    | |  1.7
Dodging        | |  3.5
Evocations     | |  1.7

Action                   || total
-------------------------++-------
Melee: Spear             ||    39
       Bite              ||     7
       Falchion          ||    16
  Use: Scroll            ||     2
 Stab: Sleeping          ||     1
Armor: Plate armour      ||    48
Dodge: Dodged            ||    11
Block: Buckler           ||    12
       Rpst.: Falchion   ||     1
